 Dungeon Crawl Stone Soup version 0.30-a0-772-g5528072125 (webtiles) character file.

Game seed: 967118217324923740

366 iguanaiguana the Sneak (level 6, -4/32 HPs)
             Began as a Deep Elf Venom Mage on Feb 12, 2023.
             Slain by a mummy (15 damage)
             ... in an ossuary.
             The game lasted 00:22:16 (4615 turns).

iguanaiguana the Sneak (Deep Elf Venom Mage)        Turns: 4615, Time: 00:22:16

Health: -4/32      AC:  2    Str:  5    XL:     6   Next: 40%
Magic:  4/12       EV: 17    Int: 26    God:
Gold:   152        SH:  4    Dex: 15    Spells: 3/11 levels left

rFire   . . .      SeeInvis .    d - +1 dagger (freeze)
rCold   + . .      Faith    .    n - +0 buckler
rNeg    . . .      Spirit   .    p - +0 robe "Sufesin" {rC+ Int+4}
rPois   .          Reflect  .    (no helmet)
rElec   .          Harm     .    (no cloak)
rCorr   .          Rampage  .    (no gloves)
Will    .....                    (no boots)
Stlth   +++                      (no amulet)
HPRegen 0.25/turn                w - +5 ring of evasion
MPRegen 0.13/turn                (no ring)

@: no status effects
A: no striking features
a: no special abilities


You were in an ossuary.
You visited 1 branch of the dungeon, and saw 4 of its levels.
You also visited: Ossuary.

You collected 174 gold pieces.
You spent 22 gold pieces at shops.

Inventory:

Hand Weapons
 d - a +1 dagger of freezing (weapon)
 x - a +0 dagger of venom
Missiles
 m - 6 poisoned darts
 t - 2 boomerangs
Armour
 l - a +1 pair of boots
 n - a +0 buckler (worn)
 p - the +0 robe "Sufesin" (worn) {rC+ Int+4}
   (You found it on level 2 of the Dungeon)

   Int:       It affects your intelligence (+4).
   rC:        It protects you from cold.
Magical Staves
 o - a staff of cold
Jewellery
 w - a +5 ring of evasion (left hand)
Scrolls
 a - a scroll of butterflies
 e - a scroll of torment
 f - a scroll of brand weapon {unknown}
 g - a scroll of fear {unknown}
 j - a scroll of enchant armour {unknown}
 k - a scroll of blinking {unknown}
 q - a scroll of poison {unknown}
 u - a scroll of noise {unknown}
Potions
 b - a potion of magic
 c - 3 potions of brilliance
 h - 4 potions of curing {@q1}
 i - a potion of attraction
 s - 2 potions of degeneration {unknown}
 v - a potion of ambrosia {unknown}


   Skills:
 - Level 2.4 Dodging
 - Level 4.0 Stealth
 - Level 2.0 Shields
 - Level 3.0 Spellcasting
 + Level 3.2 Conjurations
 - Level 1.1 Transmutations
 - Level 4.0 Air Magic
 - Level 3.6 Poison Magic


You had 3 spell levels left.
You knew the following spells:

 Your Spells              Type           Power      Damage    Failure   Level
a - Sting                 Tmut/Pois      64%        1d6       4%          1
b - Poisonous Vapours     Pois/Air       46%        N/A       4%          2
c - Mephitic Cloud        Conj/Pois/Air  22%        N/A       9%          3
d - Static Discharge      Conj/Air       44%        2-4/arc   4%          2

Your spell library contained the following spells:

 Spells                   Type           Power      Damage    Failure   Level
 Apportation              Tloc           6%         N/A       12%         1
 Vhi's Electric Charge    Tloc/Air       28%        N/A       16%         3
 Call Canine Familiar     Summ           3%         N/A       36%         3
 Portal Projectile        Hex/Tloc       6%         N/A       36%         3
 Olgreb's Toxic Radiance  Pois           22%        N/A       28%         4
 Arcjolt                  Conj/Air       11%        1d21      61%         5
 Lightning Bolt           Conj/Air       11%        1d24      61%         5
 Leda's Liquefaction      Hex/Erth       1%         N/A       77%         4
 Alistair's Intoxication  Tmut/Pois      10%        N/A       78%         5


Dungeon Overview and Level Annotations

Branches:
Dungeon (4/15) Zot: 19435 Ossuary (1/1) Zot: 5946
 Temple: D:4-7

Altars:

Shops:
D:1 (?*=*   D:2 =(*!

Annotations:
D:2 exclusion: downstairs
D:3 exclusion: door, Robin


Message History

Press: ? - help, Shift-Dir - straight line, f - howler monkey zombie
Aim: a howler monkey zombie (73% to hit)
You throw a boomerang.
Casting: Static Discharge (safe; 4% risk of failure)
Confirm with . or Enter, or press ? or * to list all spells.
Okay, then.
Your +1 dagger of freezing glows with a cold blue light!
d - a +1 dagger of freezing (weapon)
You hit the howler monkey zombie.
The howler monkey zombie is moderately damaged.
A mummy comes into view.
Aiming: Fastroot
Press: ? - help, Shift-Dir - straight line, p - howler monkey zombie The roots erupt in riotous growth!
Roots grab the howler monkey zombie.
Roots grab the mummy.
The grasping roots constrict the mummy.
The grasping roots constrict the howler monkey zombie.
The howler monkey zombie hits you.
* * * LOW HITPOINT WARNING * * *
You hit the howler monkey zombie.
The howler monkey zombie is heavily damaged.
The grasping roots constrict the mummy.
The grasping roots constrict the howler monkey zombie.
The roots release their grip on the mummy.
The roots release their grip on the howler monkey zombie.
Aiming: Fastroot
Press: ? - help, Shift-Dir - straight line The roots erupt in riotous growth!
Roots grab the howler monkey zombie.
Roots grab the mummy.
The now-empty wand crumbles to dust.
The grasping roots constrict the mummy.
The grasping roots constrict the howler monkey zombie.
The mummy escapes!
You hit the mummy but do no damage.
The mummy is almost destroyed.
The grasping roots constrict the howler monkey zombie.
You destroy the howler monkey zombie!
You barely miss the mummy.
The mummy is almost destroyed.
The mummy hits you!
You die...

## ####
# #.
.~.#≈≈
#'#~~.~
.~~~
##'##
#...#
#.M.#
#@..#
#####


You could see a mummy.

Vanquished Creatures
  A water moccasin zombie (Ossuary)
  9 mummies (Ossuary)
  A howler monkey zombie (Ossuary)
  4 adders
  A worm (D:2)
  3 dart slugs
  7 orcs (D:3)
  7 ball pythons
  9 endoplasms
  2 giant cockroaches
  5 goblins
  6 hobgoblins
  2 jackals (D:1)
  19 kobolds
  4 bats
  4 frilled lizards
  6 rats
90 creatures vanquished.

Vanquished Creatures (others)
  39 plants (D:4)
  A withered plant (Ossuary)
40 creatures vanquished.

Grand Total: 130 creatures vanquished

Notes
Turn   | Place    | Note
-------+----------+-------------------------------------------
     0 | D:1      | iguanaiguana the Deep Elf Venom Mage began the quest for
                  | the Orb.
     0 | D:1      | Reached XP level 1. HP: 10/10 MP: 6/6
    74 | D:1      | Found Wussoag's Jewellery Emporium.
   167 | D:1      | Found Weroumn's Antique Weapon Emporium.
   437 | D:1      | Reached XP level 2. HP: 15/15 MP: 5/8
   440 | D:1      | Learned a level 2 spell: Poisonous Vapours
   538 | D:1      | Found Ataluc's Magic Scroll Shoppe.
   560 | D:1      | Bought a scroll of identify for 22 gold pieces
   910 | D:1      | Reached skill level 1 in Air Magic
  1101 | D:1      | Reached XP level 3. HP: 19/19 MP: 4/9
  1105 | D:1      | Learned a level 3 spell: Mephitic Cloud
  1167 | D:1      | Found Jeze's Assorted Antiques.
  1197 | D:1      | Found Lufeheq's General Store.
  1451 | D:2      | Found Asiap's Antique Weapon Emporium.
  2002 | D:2      | Found Wiufecia's Jewellery Shoppe.
  2071 | D:2      | Identified the +0 robe "Sufesin" {rC+ Int+4}
  2094 | D:2      | Reached skill level 1 in Shields
  2184 | D:2      | Reached XP level 4. HP: 24/24 MP: 2/10
  2344 | D:2      | Found Loiwiysi's Assorted Antiques.
  2354 | D:2      | Found Utaevvaa's Distillery.
  4248 | D:3      | Noticed Robin
  4360 | D:4      | Learned a level 2 spell: Static Discharge
  4508 | D:4      | Found a sand-covered staircase.
  4562 | Ossuary  | Entered an ossuary
  4571 | Ossuary  | Reached skill level 1 in Conjurations
  4571 | Ossuary  | Reached XP level 5. HP: 28/28 MP: 11/11
  4595 | Ossuary  | Reached XP level 6. HP: 32/32 MP: 12/12
  4615 | Ossuary  | Slain by a mummy

Illustrated notes

Levels and vault maps discovered:
D:1:      saegor_arrival_fortress, layout_rooms, serial_shops,
          nicolae_shop_hallway_plus, nicolae_lakefront_shop, shop, shop, shop,
          serial_curves, eino_curves_03, eino_curves_03
D:2:      layout_rooms, serial_shops, shop_statue, shop, nicolae_shop_trees,
          shop, minivault_11, minmay_misc_feat_x, minivault_4,
          minmay_quadrilaterals
D:3:      minmay_chambers_of_twos, layout_loops_cross, chequers_jeans,
          eino_tiny_chamber, uniq_robin
D:4:      kennysheep_kobold_camp, layout_loops_cross,
          chequers_temple_overflow_statue_of_worship,
          grunt_temple_overflow_order_and_chaos_2,
          lightli_ossuary_entry_decrepit_ruins
Ossuary:  ossuary_zaba_flooded

Skill      XL: |  1  2  3  4  5  6 |
---------------+-------------------+-----
Stealth        | 3 4 |  4.0
Air Magic      | 1 2 3 4 |  4.0
Shields        | 1 2 |  2.0
Conjurations   | 1 3 |  3.2
Dodging        | |  2.4
Spellcasting   | |  3.0
Transmutations | |  1.1
Poison Magic   | |  3.6

Action                     |  1- 3 |  4- 6 || total
---------------------------+-------+-------++-------
  Melee: Dagger            |     8 |    29 ||    37
         Staff             |       |     8 ||     8
  Throw: Boomerang         |       |     2 ||     2
   Cast: Sting             |    77 |    32 ||   109
         Poisonous Vapours |    10 |    46 ||    56
         Static Discharge  |       |     4 ||     4
  Evoke: Wand              |       |    14 ||    14
    Use: Scroll            |     1 |     6 ||     7
   Stab: Sleeping          |       |     1 ||     1
 Armour: Robe              |    10 |     6 ||    16
  Dodge: Dodged            |    29 |    32 ||    61
  Block: Buckler           |     2 |    11 ||    13

Table legend: (Time is in decaauts)
 A = Elapsed time spent in this place.
 B = Non-inter-level travel time spent in this place.
 C = Inter-level travel time spent in this place.
 D = Time resting spent in this place.
 E = Time spent auto-exploring this place.
 F = Levels seen in this place.
 G = Mean time per level.
                   A        B        C        D        E       F      G
               +--------+--------+--------+--------+--------+-----+--------+
         Total |   4617 |   4474 |    143 |    713 |   2835 |   5 |  923.4 |
       Dungeon |   4565 |   4422 |    143 |    713 |   2835 |   4 | 1141.2 |
       Ossuary |     52 |     52 |      0 |      0 |      0 |   1 |   52.0 |
               +--------+--------+--------+--------+--------+-----+--------+

Top non-repeatable levels by time:
     D:3: 1719 daAuts
     D:2: 1439 daAuts
     D:1: 1241 daAuts
     D:4: 164 daAuts
 Ossuary: 52 daAuts
